 Dungeon Crawl Stone Soup version 0.21.1-68-g103a7afc0a (webtiles) character file.

537 Kirk the Digger (level 7, -6/48 HPs)
             Began as a Formicid Earth Elementalist on Aug 2, 2018.
             Mangled by a gnoll
             ... wielding a +0 flail
              (11 damage)
             ... on level 6 of the Dungeon.
             The game lasted 00:09:56 (3183 turns).

Kirk the Digger (Formicid Earth Elementalist)       Turns: 3183, Time: 00:09:57

Health: -6/48      AC:  4    Str: 12    XL:     7   Next: 50%
Magic:  11/15      EV: 14    Int: 17    God:
Gold:   182        SH:  0    Dex: 11    Spells: 11/17 levels left

rFire    + . .     SeeInvis +   b - +0 short sword (venom)
rCold    . . .     Gourm    .   (no shield)
rNeg     . . .     Faith    .   n - +2 robe {rF+}
rPois    .         Spirit   .   (helmet unavailable)
rElec    .         Reflect  .   (no cloak)
rCorr    .         Harm     .   (no gloves)
MR       .....                  (no boots)
Stlth    +.........             (no amulet)
HPRegen  0.16/turn              c - +2 ring of evasion
MPRegen  0.14/turn              (no ring)

@: very slightly contaminated, glowing
A: permanent stasis, dig shafts and tunnels, four strong arms, antennae 3
a: Dig, Shaft Self


You were on level 6 of the Dungeon.
You were not hungry.

You visited 1 branch of the dungeon, and saw 6 of its levels.

You collected 182 gold pieces.

Inventory:

Hand Weapons
 b - a +0 short sword of venom (weapon)
 h - a +2 scimitar of holy wrath
 p - a +2 whip of flaming
Armour
 n - a +2 robe of fire resistance (worn)
Jewellery
 c - a +2 ring of evasion (left hand)
Wands
 o - a wand of flame (7)
Scrolls
 g - a scroll of remove curse
 q - a scroll of identify
Potions
 a - a potion of berserk rage {unknown}
 f - 2 potions of lignification
 i - a potion of degeneration {unknown}
 j - a potion of brilliance {unknown}
 k - a potion of might
 l - a potion of heal wounds
 m - 3 potions of curing
 r - a potion of mutation {unknown}
Books
 e - a book of Geomancy

   Spells                             Type                      Level
   a - Sandblast                      Earth                        1
   b - Passwall                       Transmutation/Earth          2
   c - Stone Arrow                    Conjuration/Earth            3
   d - Petrify                        Transmutation/Earth          4
   e - Lee's Rapid Deconstruction     Earth                        5
Comestibles
 d - 7 rations


   Skills:
 + Level 1.0 Fighting
 - Level 1.7 Dodging
 - Level 2.4 Stealth
 + Level 5.8 Spellcasting
 - Level 1.1 Transmutations
 + Level 6.9 Earth Magic
 + Level 0.1 Evocations


You had 11 spell levels left.
You knew the following spells:

 Your Spells              Type           Power        Failure   Level  Hunger
a - Sandblast             Erth           ####..       1%          1    None
b - Passwall              Tmut/Erth      ###.......   3%          2    #......
c - Stone Arrow           Conj/Erth      ###...       10%         3    ##.....


Dungeon Overview and Level Annotations

Branches:
Dungeon (5/15)
 Temple: D:4-7

Altars:
Dithmenos
Nemelex Xobeh
Ru
Vehumet
Xom
Zin

Shops:
D:4 }

Annotations:
D:3 2 exclusions, hrogart's ghost, amateur MiBe
D:4 Erymatos's ghost, novice MiBe
D:6 2 transporters, Grinder


Innate Abilities, Weirdness & Mutations

You cannot be hasted, slowed, berserked, paralysed or teleported.
You can dig through walls and to a lower floor.
Your four strong arms can wield two-handed weapons with a shield.
You have a pair of large antennae on your head. (SInv)


Message History

The gnoll hits you from afar with a spear.
You hear an angry growl.
A gnoll comes into view. It is wielding a spear.
Unknown command.
Casting: Passwall
Confirm with . or Enter, or press ? or * to list all spells.
Which direction?
The gnoll hits you from afar with a spear. x2
You begin to meditate on the wall.
You continue meditating on the rock.
The gnoll hits you with a flail.
* * * LOW HITPOINT WARNING * * *
The gnoll hits you with a flail!
* * * LOW HITPOINT WARNING * * *
The gnoll barely misses you.
You continue meditating on the rock.
The gnoll barely misses you.
The gnoll hits you from afar with a spear.
* * * LOW HITPOINT WARNING * * *
The gnoll hits you with a flail!
You die...

#.##.#####.####
#.##.#..#### #....# #.#
#....g..# ####.# ###.###
####..g## #.#####.#
#..g.$# ##{## #......g#
#.).5.# ####{####
######..# #...$.#
#...{.).# #.## #...g.#
#.##{##.# #.####.....#
#.##.##[# #.##....g@##
#...{##.# #.##.####g#
#.[####.#
#.##.####g######.......#
#..g..g##.##...##.######
####......##.#{g..#
#.###..##...#### #.#
#..###.## #.# #......#
#.....######


You could see Grinder, a gnoll shaman and 4 gnolls.

Vanquished Creatures
  An orc warrior (D:6)
  A howler monkey (D:4)
  2 hounds
  A gnoll shaman (D:4)
  2 orc priests
  An iguana (D:4)
  3 orc wizards (D:3)
  A hound skeleton (D:5)
  An adder (D:2)
  4 gnolls (D:4)
  An adder skeleton (D:4)
  2 dart slugs (D:1)
  3 leopard geckos
  10 orcs
  2 ball pythons
  7 giant cockroaches
  2 goblins (D:1)
  8 hobgoblins
  2 jackals (D:1)
  3 quokkas
  6 bats
  5 frilled lizards (D:1)
  7 kobolds
  3 rats
78 creatures vanquished.

Notes
Turn   | Place    | Note
-------+----------+-------------------------------------------
     0 | D:1      | Kirk the Formicid Earth Elementalist began the quest for the Orb.
     0 | D:1      | Reached XP level 1. HP: 13/13 MP: 3/3
    60 | D:1      | Reached skill level 4 in Earth Magic
   130 | D:1      | Reached XP level 2. HP: 16/19 MP: 1/5
   334 | D:1      | Reached XP level 3. HP: 19/24 MP: 7/7
   694 | D:2      | HP: 1/25 [hobgoblin/club (3)]
  1028 | D:2      | Found a shadowy altar of Dithmenos.
  1322 | D:2      | Reached XP level 4. HP: 30/31 MP: 4/8
  1567 | D:3      | Reached skill level 5 in Earth Magic
  1911 | D:3      | Found a shimmering altar of Xom.
  1984 | D:3      | Found a sparkling altar of Nemelex Xobeh.
  1985 | D:3      | Noticed hrogart's ghost (amateur MiBe)
  2036 | D:3      | Reached XP level 5. HP: 36/36 MP: 6/10
  2042 | D:3      | Reached skill level 1 in Fighting
  2246 | D:4      | Learned a level 2 spell: Passwall
  2250 | D:4      | Learned a level 3 spell: Stone Arrow
  2256 | D:4      | Reached XP level 6. HP: 43/43 MP: 10/12
  2326 | D:4      | Noticed a black bear
  2408 | D:4      | Found Gaploota's Gadget Emporium.
  2417 | D:4      | Reached skill level 6 in Earth Magic
  2438 | D:4      | Reached skill level 5 in Spellcasting
  2561 | D:4      | Found a sacrificial altar of Ru.
  2666 | D:5      | Entered Level 5 of the Dungeon
  2669 | D:5      | Reached XP level 7. HP: 48/48 MP: 11/15
  2730 | D:5      | Found a glowing silver altar of Zin.
  2820 | D:4      | Noticed Erymatos's ghost (novice MiBe)
  2952 | D:4      | Found a radiant altar of Vehumet.
  2958 | D:4      | You fall through a shaft for 2 floors!
  3119 | D:6      | Found a transporter.
  3121 | D:6      | Found a transporter.
  3168 | D:6      | Noticed Grinder
  3183 | D:6      | Mangled by a gnoll

Skill      XL: |  1  2  3  4  5  6 |
---------------+-------------------+-----
Earth Magic    | 4 5 6 |  6.9
Spellcasting   | 3 4 5 |  5.8
Fighting       | 1 |  1.0
Dodging        | |  1.7
Stealth        | |  2.4
Transmutations | |  1.1
Evocations     | |  0.1

Action                   |  1- 3 |  4- 6 |  7- 9 || total
-------------------------+-------+-------+-------++-------
Melee: Unarmed           |     9 |       |       ||     9
       Dagger            |    81 |    12 |     5 ||    98
       Short sword       |       |       |    18 ||    18
 Cast: Sandblast         |    38 |    59 |    12 ||   109
       Stone Arrow       |       |       |     2 ||     2
       Passwall          |       |       |     2 ||     2
 Abil: Shaft Self        |       |       |     1 ||     1
Evoke: Wand              |       |       |     3 ||     3
  Use: Scroll            |       |     8 |       ||     8
       Potion            |       |       |     2 ||     2
 Stab: Distracted        |     1 |       |       ||     1
       Sleeping          |     1 |       |       ||     1
  Eat: Chunk             |     1 |     5 |     2 ||     8
Armor: Robe              |    20 |     9 |     5 ||    34
Dodge: Dodged            |    75 |    15 |    40 ||   130
